 Dungeon Crawl Stone Soup version 0.28-a0-750-g7c675f85b1 (webtiles) character file.

Game seed: 12440489440606420121

933 bande the Chopper (level 8, -2/49 HPs)
             Began as a Gargoyle Fighter on Oct 29, 2021.
             Was a Follower of Okawaru.
             Slain by a wight (7 damage)
             ... on level 5 of the Dungeon.
             The game lasted 00:08:19 (4550 turns).

bande the Chopper (Gargoyle Fighter)                Turns: 4550, Time: 00:08:19

Health: -2/49      AC: 19    Str: 22    XL:     8   Next: 11%
Magic:  9/9        EV:  8    Int:  8    God:    Okawaru [*.....]
Gold:   123        SH:  4    Dex: 10    Spells: 7/7 levels left

rFire   + . .      SeeInvis .   a - +1 war axe
rCold   . . .      Faith    .   c - +0 buckler
rNeg    + . .      Spirit   .   j - +0 chain mail
rPois   ∞          Reflect  .   i - +1 helmet
rElec   +          Harm     .   e - +0 cloak
rCorr   .          Rampage  .   (no gloves)
Will    +....                   (no boots)
Stlth   ..........              (no amulet)
HPRegen 0.16/turn               (no ring)
MPRegen 0.11/turn               (no ring)

@: no status effects
A: sickness immunity, AC +5, negative energy resistance 1, electricity
resistance, torment resistance 1, petrification resistance, fire resistance 1,
strong-willed 1, MP-powered wands
a: Renounce Religion, Heroism


You were on level 5 of the Dungeon.
You worshipped Okawaru.
Okawaru was aware of your devotion.
You visited 2 branches of the dungeon, and saw 6 of its levels.

You collected 235 gold pieces.
You spent 112 gold pieces at shops.

Inventory:

Hand Weapons
 a - a +1 war axe (weapon)
Armour
 c - a +0 buckler (worn)
 e - a +0 cloak (worn)
 i - a +1 helmet (worn)
 j - a +0 chain mail (worn)
Scrolls
 g - a scroll of fog
Potions
 b - 2 potions of brilliance
 d - a potion of invisibility
 h - 2 potions of curing
 k - a potion of mutation
 l - a potion of magic
 m - 3 potions of heal wounds


   Skills:
 + Level 5.0 Fighting
 + Level 5.8 Axes
 + Level 5.7 Armour
 + Level 4.3 Shields
 * Level 2.2 Invocations


You had 7 spell levels left.
You didn't know any spells.
Your spell library contained the following spells:

 Spells                   Type           Power      Damage    Failure   Level
 Foxfire                  Conj/Fire      0%         2x1d4     97%         1
 Ensorcelled Hibernation  Hex/Ice        0%         N/A       99%         2
 Conjure Flame            Conj/Fire      0%         6-21      100%        3
 Inner Flame              Hex/Fire       0%         N/A       100%        3
 Flame Wave               Conj/Fire      0%         3d3       100%        4
 Tukima's Dance           Hex            Unusable   N/A       N/A         3

Dungeon Overview and Level Annotations

Branches:
Dungeon (5/15)             Temple (1/1) D:4

Altars:
Ashenzari
Dithmenos
Elyvilon
Fedhas
Gozag
Kikubaaqudgha
Makhleb
Okawaru
Qazlal
Ru
Sif Muna
Uskayaw
Wu Jian
Xom
Yredelemnul
The Shining One

Shops:
D:1 !   D:2 ?   D:5 ?


Innate Abilities, Weirdness & Mutations

You are immune to sickness and miasma.
Your stone body is resilient. (AC +5)
You are immune to poison.
You resist negative energy. (rN+)
You are resistant to electric shocks. (rElec)
You are resistant to unholy torment.
You are immune to petrification.
Your flesh is heat resistant. (rF+)
You are strong-willed. (Will+)
You expend magic power (3 MP) to strengthen your wands.


Message History

Okawaru accepts your kill.
You can now gain great but temporary skills.
You closely miss the wight. You closely miss the orc.
You block the orc's attack.
An iguana comes into view.
The wight closely misses you. The wight hits you but does no damage.
The wight closely misses you. The orc hits you but does no damage.
You block the wight's attack.
You hit the wight but do no damage. You hit the wight. You slash the orc!
You kill the orc!
Okawaru accepts your kill. The wight hits you but does no damage.
The wight hits you from afar with a +4 spear.
The wight misses you. You block the wight's attack.
The wight hits you with a +2 dagger. You block the wight's attack.
Unknown command.
You slash the wight!
The wight is moderately damaged.
You hit the wight but do no damage. You hit the wight.
The wight hits you but does no damage. x3
The wight hits you with a +5 hand axe of freezing!
The wight freezes you.
You slash the wight!
You destroy the wight!
Okawaru accepts your kill.
You barely miss the wight. x2
The sentinel's mark upon you fades away.
An ice beast comes into view.
An ogre comes into view. It is wielding a +0 giant club.
The wight hits you but does no damage. You block the wight's attack.
The wight hits you but does no damage.
Unknown command.
You closely miss the wight.
The wight is lightly damaged.
You hit the iguana. You closely miss the wight.
The wight hits you with a +0 great sword!
* * * LOW HITPOINT WARNING * * *
The wight barely misses you.
The wight hits you from afar with a +4 spear!
You die...

#......#
#.#.##.# #
#.##.## .#
#.#...##.# .#
#..?...†#
...###..Y##.#
.......>.# ..
......)z.#
... ...##z@.#
..8
.#.?zl)....#
..
............#
#
#.#.........#
# ####...####
#...# #.O.#
##.##


You could see an ice beast, an ogre, an iguana and 3 wights.

Vanquished Creatures
  Grinder (D:3)
  A black bear (D:4)
  A necrophage (D:5)
  An ogre (D:5)
  2 phantoms (D:5)
  2 wights (D:5)
  A centaur skeleton (D:5)
  An iguana (D:4)
  Terence (D:3)
  A hound skeleton (D:4)
  Robin (D:2)
  2 adders
  2 ufetubi
  2 worms
  2 dart slugs
  2 orcs
  8 ball pythons
  4 endoplasms
  4 giant cockroaches
  18 goblins
  14 hobgoblins
  5 jackals
  4 quokkas
  5 bats
  4 frilled lizards
  10 kobolds
  6 rats
105 creatures vanquished.

Vanquished Creatures (others)
  14 fungi (D:4)
14 creatures vanquished.

Grand Total: 119 creatures vanquished

Notes
Turn   | Place    | Note
-------+----------+-------------------------------------------
     0 | D:1      | bande the Gargoyle Fighter began the quest for the Orb.
     0 | D:1      | Reached XP level 1. HP: 14/14 MP: 1/1
    17 | D:1      | Found Xyximuoduch's Distillery.
   198 | D:1      | Reached XP level 2. HP: 19/19 MP: 2/2
   450 | D:1      | Reached XP level 3. HP: 23/24 MP: 3/3
   549 | D:1      | Found a faded altar of an unknown god.
   942 | D:2      | Noticed Robin
   972 | D:2      | Reached XP level 4. HP: 13/29 MP: 4/4
   977 | D:2      | Killed Robin
  1464 | D:2      | Found Oxokhlesk's Magic Scroll Shoppe.
  2482 | D:3      | Found a blossoming altar of Fedhas.
  2590 | D:3      | Found an ancient bone altar of Kikubaaqudgha.
  2594 | D:3      | Gained mutation: Your flesh is heat resistant. (rF+)
                  | [potion of mutation]
  2594 | D:3      | Gained mutation: You expend magic power (3 MP) to
                  | strengthen your wands. [potion of mutation]
  2594 | D:3      | Gained mutation: You are strong-willed. (Will+) [potion of
                  | mutation]
  2720 | D:3      | Reached XP level 5. HP: 19/33 MP: 5/5
  2853 | D:3      | Noticed Grinder
  2875 | D:3      | Killed Grinder
  2876 | D:3      | Reached XP level 6. HP: 4/39 MP: 6/6
  3180 | D:3      | Noticed Terence
  3190 | D:3      | Killed Terence
  3555 | D:4      | Found a staircase to the Ecumenical Temple.
  3587 | Temple   | Entered the Ecumenical Temple
  3637 | D:4      | Noticed a black bear
  3651 | D:4      | Killed a black bear
  3652 | D:4      | Reached XP level 7. HP: 6/44 MP: 7/7
  3926 | D:4      | Reached skill level 5 in Armour
  3976 | D:4      | Found an ornate altar of the Wu Jian Council.
  4125 | D:4      | Found an iron altar of Okawaru.
  4133 | D:4      | Became a worshipper of Warmaster Okawaru
  4328 | D:5      | Entered Level 5 of the Dungeon
  4328 | D:5      | Found Fumma's Magic Scroll Shop.
  4331 | D:5      | Bought a scroll of identify for 28 gold pieces
  4347 | D:5      | Bought a scroll of identify for 28 gold pieces
  4347 | D:5      | Bought a scroll of identify for 28 gold pieces
  4347 | D:5      | Bought a scroll of identify for 28 gold pieces
  4382 | D:5      | Reached skill level 5 in Axes
  4387 | D:5      | Reached skill level 1 in Invocations
  4543 | D:5      | Reached skill level 5 in Fighting
  4543 | D:5      | Reached XP level 8. HP: 49/49 MP: 9/9
  4546 | D:5      | Reached * piety under Okawaru
  4550 | D:5      | Slain by a wight

Illustrated notes

Levels and vault maps discovered:
D:1:      dpeg_arrival_houses_and_road, layout_basic,
          shapermc_ecumenical_altar_venn, serial_shops, shop,
          hangedman_decor_peaks_small
D:2:      layout_basic, serial_shops, nicolae_shop_waterfront, uniq_robin
D:3:      layout_basic, amcnicky_altar_gilded, fedhas_altar_fruit_tree,
          uniq_grinder, uniq_terence
D:4:      layout_basic, okawaru_ov_weapons_minmay,
          mainiacjoe_overflow_cross_hatched, temple_pool_b
D:5:      layout_loops_ring, zin_statuary, nicolae_stop_n_shop_2,
          feat_on_display
Temple:   nicolae_temple_no_exploring_needed

Skill      XL: |  1  2  3  4  5  6  7 |
---------------+----------------------+-----
Axes           | 2 3 4 5 |  5.8
Armour         | 4 5 |  5.7
Fighting       | 4 5 |  5.0
Shields        | 4 |  4.3
Invocations    | 2 |  2.2

Action                   |  1- 3 |  4- 6 |  7- 9 || total
-------------------------+-------+-------+-------++-------
Melee: War axe           |   132 |   167 |    75 ||   374
  Use: Scroll            |     1 |     5 |     6 ||    12
       Potion            |       |     4 |       ||     4
Armor: Scale mail        |   107 |    17 |       ||   124
       Chain mail        |       |    95 |    56 ||   151
       Skin              |       |     2 |       ||     2
Dodge: Dodged            |    82 |    71 |    34 ||   187
Block: Buckler           |    34 |    34 |    13 ||    81

Table legend: (Time is in decaauts)
 A = Elapsed time spent in this place.
 B = Non-inter-level travel time spent in this place.
 C = Inter-level travel time spent in this place.
 D = Time resting spent in this place.
 E = Time spent auto-exploring this place.
 F = Levels seen in this place.
 G = Mean time per level.
                   A        B        C        D        E       F      G
               +--------+--------+--------+--------+--------+-----+--------+
         Total |   4683 |   4643 |     40 |    655 |   2850 |   6 |  780.5 |
       Dungeon |   4681 |   4641 |     40 |    655 |   2850 |   5 |  936.2 |
        Temple |      1 |      1 |      0 |      0 |      0 |   1 |    1.0 |
               +--------+--------+--------+--------+--------+-----+--------+

Top non-repeatable levels by time:
     D:2: 1603 daAuts
     D:3: 1134 daAuts
     D:1: 855 daAuts
     D:4: 853 daAuts
     D:5: 235 daAuts
  Temple: 1 daAuts
